ITL
WABA DUCKS @ TOPEKA TORNADOS
06/19/2026
 
TOP OF THE 1ST
Waba Ducks batting - Pitching for Topeka Tornados : LHP Seiichi Yamamoto
Pitching: LHP Seiichi Yamamoto
Batting: LHB Javier Orozco 0-0: Swinging Strike
0-1: Ball
1-1: Foul Ball, location: 2F
1-2: Strikes out swinging
Batting: RHB Don Keating 0-0: Called Strike
0-1: Called Strike
0-2: Fly out, F9 (Flyball, 89XD)
Batting: RHB Chris Osborn 0-0: Ball
1-0: Foul Ball, location: 2F
1-1: Called Strike
1-2: Ball
2-2: Foul Ball, location: 2F
2-2: Ball
3-2: Ground out 4-3 (Groundball, 4)
Top of the 1st over - 0 run(s), 0 hit(s), 0 error(s), 0 left on base; Waba 0 - Topeka 0
BOTTOM OF THE 1ST
Topeka Tornados batting - Pitching for Waba Ducks : RHP Will Huggins
Pitching: RHP Will Huggins
Batting: RHB José Pinto 0-0: Called Strike
0-1: Ball
1-1: SINGLE (Flyball, 7LS)
Batting: LHB Morgan Wright 0-0: Ball
1-0: Ball
2-0: Fly out, F7 (Flyball, 7M)
Batting: RHB Alberto Campos 0-0: Foul Ball, location: 2F
0-1: Foul Ball, location: 2F
0-2: Ball
1-2: Strikes out looking
Batting: LHB Ryan Drake 0-0: Swinging Strike
0-1: Ball
1-1: Foul Ball, location: 2F
1-2: Strikes out looking
Bottom of the 1st over - 0 run(s), 1 hit(s), 0 error(s), 1 left on base; Waba 0 - Topeka 0
TOP OF THE 2ND
Waba Ducks batting - Pitching for Topeka Tornados : LHP Seiichi Yamamoto
Batting: LHB Terry White 0-0: Ball
1-0: Called Strike
1-1: Ball
2-1: Foul Ball, location: 2F
2-2: Foul Ball, location: 2F
2-2: Ball
3-2: Fly out, F7 (Flyball, 8LD)
Batting: RHB Ed Small 0-0: Fly out, F7 (Flyball, 7D)
Batting: RHB Pedro Molina 0-0: Swinging Strike
0-1: Ball
1-1: Ground out 6-3 (Groundball, 6)
Top of the 2nd over - 0 run(s), 0 hit(s), 0 error(s), 0 left on base; Waba 0 - Topeka 0
BOTTOM OF THE 2ND
Topeka Tornados batting - Pitching for Waba Ducks : RHP Will Huggins
Batting: LHB Yoshiaki Ohayashi 0-0: Foul Ball, location: 2F
0-1: Ground out 6-3 (Groundball, 6)
Batting: RHB Bob Hall 0-0: Ball
1-0: Ball
2-0: Called Strike
2-1: Swinging Strike
2-2: Fly out, F9 (Flyball, 9M)
Batting: RHB Don Thomas 0-0: Ball
1-0: Ball
2-0: Ball
3-0: Foul Ball, location: 2F
3-1: Called Strike
3-2: Strikes out swinging
Bottom of the 2nd over - 0 run(s), 0 hit(s), 0 error(s), 0 left on base; Waba 0 - Topeka 0
TOP OF THE 3RD
Waba Ducks batting - Pitching for Topeka Tornados : LHP Seiichi Yamamoto
Batting: SHB Cisco Álvarez 0-0: Called Strike
0-1: Called Strike
0-2: Foul Ball, location: 2F
0-2: Ball
1-2: Ball
2-2: Ball
3-2: Foul Ball, location: 2F
3-2: Ground out 6-3 (Groundball, 6)
Batting: RHB Tokuhei Kobayashi 0-0: Ball
1-0: Called Strike
1-1: Called Strike
1-2: Ball
2-2: Strikes out swinging
Batting: RHB Ramón Torres 0-0: Ball
1-0: Fly out, F8 (Line Drive, 8RXD)
Top of the 3rd over - 0 run(s), 0 hit(s), 0 error(s), 0 left on base; Waba 0 - Topeka 0
BOTTOM OF THE 3RD
Topeka Tornados batting - Pitching for Waba Ducks : RHP Will Huggins
Batting: RHB Gabriel Santana 0-0: Called Strike
0-1: Ball
1-1: Ground out 5-3 (Groundball, 5S)
Batting: RHB Joe Edwards 0-0: Called Strike
0-1: Ball
1-1: Foul Ball, location: 2F
1-2: Foul Ball, location: 2F
1-2: Foul Ball, location: 2F
1-2: Ball
2-2: Foul Ball, location: 2F
2-2: Strikes out swinging
Batting: RHB José Pinto 0-0: Swinging Strike
0-1: Swinging Strike
0-2: Ball
1-2: Ball
2-2: Ball
3-2: Foul Ball, location: 2F
3-2: Fly out, F8 (Flyball, 8LM)
Bottom of the 3rd over - 0 run(s), 0 hit(s), 0 error(s), 0 left on base; Waba 0 - Topeka 0
TOP OF THE 4TH
Waba Ducks batting - Pitching for Topeka Tornados : LHP Seiichi Yamamoto
Now in CF: Joe Edwards
Batting: LHB Javier Orozco 0-0: Ball
1-0: Swinging Strike
1-1: Foul Ball, location: 2F
1-2: Ball
2-2: Strikes out swinging
Batting: RHB Don Keating 0-0: Called Strike
0-1: Ball
1-1: Swinging Strike
1-2: Foul Ball, location: 2F
1-2: Foul Ball, location: 2F
1-2: Strikes out looking
Batting: RHB Chris Osborn 0-0: Ball
1-0: Fly out, F9 (Flyball, 9S)
Top of the 4th over - 0 run(s), 0 hit(s), 0 error(s), 0 left on base; Waba 0 - Topeka 0
BOTTOM OF THE 4TH
Topeka Tornados batting - Pitching for Waba Ducks : RHP Will Huggins
Batting: LHB Morgan Wright 0-0: Foul Ball, location: 2F
0-1: Fly out, F7 (Flyball, 7M)
Batting: RHB Alberto Campos 0-0: Ball
1-0: Ball
2-0: Called Strike
2-1: Swinging Strike
2-2: Strikes out looking
Batting: LHB Ryan Drake 0-0: Called Strike
0-1: Ball
1-1: Ball
2-1: Fly out, F7 (Flyball, 78M)
Bottom of the 4th over - 0 run(s), 0 hit(s), 0 error(s), 0 left on base; Waba 0 - Topeka 0
TOP OF THE 5TH
Waba Ducks batting - Pitching for Topeka Tornados : LHP Seiichi Yamamoto
Batting: LHB Terry White 0-0: Called Strike
0-1: Ball
1-1: Ball
2-1: Ball
3-1: Foul Ball, location: 2F
3-2: Strikes out swinging
Batting: RHB Ed Small 0-0: Called Strike
0-1: Ball
1-1: Ball
2-1: Foul Ball, location: 2F
2-2: Ball
3-2: Ground out 4-3 (Groundball, 4)
Batting: RHB Pedro Molina 0-0: Foul Ball, location: 2F
0-1: Ball
1-1: Swinging Strike
1-2: Ball
2-2: Foul Ball, location: 2F
2-2: Ball
3-2: Foul Ball, location: 2F
3-2: Ground out 5-3 (Groundball, 5S)
Top of the 5th over - 0 run(s), 0 hit(s), 0 error(s), 0 left on base; Waba 0 - Topeka 0
BOTTOM OF THE 5TH
Topeka Tornados batting - Pitching for Waba Ducks : RHP Will Huggins
Batting: LHB Yoshiaki Ohayashi 0-0: Fly out, F4 (Popup, 4MS)
Batting: RHB Bob Hall 0-0: Called Strike
0-1: SINGLE (Line Drive, 6MD)
Batting: RHB Don Thomas 0-0: Ball
1-0: Foul Ball, location: 2F
1-1: Ball
2-1: Swinging Strike
2-2: SINGLE (Groundball, 4MD)
Bob Hall to second
Batting: RHB Gabriel Santana 0-0: Ball
1-0: Grounds into double play, U6-3 (Groundball, 6)
Bottom of the 5th over - 0 run(s), 2 hit(s), 0 error(s), 1 left on base; Waba 0 - Topeka 0
TOP OF THE 6TH
Waba Ducks batting - Pitching for Topeka Tornados : LHP Seiichi Yamamoto
Batting: SHB Cisco Álvarez 0-0: Swinging Strike
0-1: Ball
1-1: Ball
2-1: Called Strike
2-2: Strikes out looking
Batting: RHB Tokuhei Kobayashi 0-0: Swinging Strike
0-1: Called Strike
0-2: Ground out 1-3 (Groundball, 15)
Batting: RHB Ramón Torres 0-0: DOUBLE (Groundball, 3L)
Batting: LHB Javier Orozco 0-0: Called Strike
0-1: SINGLE (Line Drive, 34)
Ramón Torres to third
Runner from 3rd tries for Home, SAFE, no throw or cutoff
Batting: RHB Don Keating 0-0: Fly out, F7 (Flyball, 78D)
Top of the 6th over - 1 run(s), 2 hit(s), 0 error(s), 1 left on base; Waba 1 - Topeka 0
BOTTOM OF THE 6TH
Topeka Tornados batting - Pitching for Waba Ducks : RHP Will Huggins
Batting: RHB Joe Edwards 0-0: Ball
1-0: Called Strike
1-1: Swinging Strike
1-2: Ball
2-2: Strikes out swinging
Batting: RHB José Pinto 0-0: Ball
1-0: Swinging Strike
1-1: Ball
2-1: Ball
3-1: SINGLE (Flyball, 9S)
Batting: LHB Morgan Wright 0-0: Ball
1-0: SINGLE (Flyball, 7S)
José Pinto to second
Batting: RHB Alberto Campos 0-0: Ball
1-0: Ball
2-0: SINGLE (Groundball, 56)
José Pinto to third
Morgan Wright to second
Runner from 3rd tries for Home, SAFE, no throw or cutoff
Batting: LHB Ryan Drake 0-0: SINGLE (Groundball, 4M)
Morgan Wright to third
Alberto Campos to second
Runner from 3rd tries for Home, SAFE, throw made home
Alberto Campos to third
Ryan Drake to second
Batting: LHB Yoshiaki Ohayashi 0-0: Intentional Walk
Batting: RHB Bob Hall 0-0: Called Strike
0-1: Ball
1-1: Foul Ball, location: 2F
1-2: Ball
2-2: TRIPLE (Flyball, 89D)
Alberto Campos scores
Ryan Drake scores
Yoshiaki Ohayashi scores
Pinch Runner at 3rd Tom Robinson:
Batting: RHB Don Thomas 0-0: Intentional Walk
Batting: RHB Gabriel Santana 0-0: Ball
Pickoff Throw by Catcher to First - Out!
1-0: Ball
2-0: Called Strike
2-1: Foul Ball, location: 2F
2-2: Foul Ball, location: 2F
2-2: Foul Ball, location: 2F
2-2: Ball
3-2: Base on Balls
Pitching: LHP Felipe Rivera
Batting: RHB Joe Edwards 0-0: Ball
1-0: Ball
Wild Pitch!
Tom Robinson scores
Gabriel Santana to second
2-0: Ball
3-0: Base on Balls
Batting: RHB José Pinto 0-0: SINGLE (Groundball, 4MD)
Gabriel Santana to third
Joe Edwards to second
Runner from 3rd tries for Home, SAFE, no throw or cutoff
Batting: LHB Morgan Wright 0-0: Fly out, F7 (Flyball, 7M)
Bottom of the 6th over - 7 run(s), 6 hit(s), 0 error(s), 2 left on base; Waba 1 - Topeka 7
TOP OF THE 7TH
Waba Ducks batting - Pitching for Topeka Tornados : LHP Seiichi Yamamoto
Now at 3B: Tom Robinson
Batting: RHB Chris Osborn 0-0: Foul Ball, location: 2F
0-1: Foul Ball, location: 2F
0-2: Ball
1-2: Strikes out swinging
Batting: LHB Terry White 0-0: SOLO HOME RUN (Flyball, 9D), Distance : 365 ft
Batting: RHB Ed Small 0-0: Called Strike
0-1: Foul Ball, location: 2F
0-2: Ball
1-2: Fly out, F1 (Popup, 2R)
Batting: RHB Pedro Molina 0-0: Ball
1-0: SINGLE (Line Drive, 7S)
Batting: SHB Cisco Álvarez 0-0: Called Strike
0-1: Fly out, F9 (Flyball, 9M)
Top of the 7th over - 1 run(s), 2 hit(s), 0 error(s), 1 left on base; Waba 2 - Topeka 7
BOTTOM OF THE 7TH
Topeka Tornados batting - Pitching for Waba Ducks : LHP Felipe Rivera
Batting: RHB Alberto Campos 0-0: Called Strike
0-1: Ball
1-1: Ball
2-1: Ball
3-1: Fly out, F9 (Flyball, 9LD)
Batting: LHB Ryan Drake 0-0: Called Strike
0-1: DOUBLE (Flyball, 7LS)
Batting: LHB Yoshiaki Ohayashi 0-0: Ball
1-0: Foul Ball, location: 2F
1-1: Foul Ball, location: 2F
1-2: Ball
2-2: Foul Ball, location: 2F
2-2: Ball
3-2: Strikes out swinging
Batting: LHB Tom Robinson 0-0: Called Strike
0-1: Ball
1-1: SINGLE (Line Drive, 8LS)
Ryan Drake to third
Runner from 3rd tries for Home, SAFE, no throw or cutoff
Batting: RHB Don Thomas 0-0: Ball
1-0: Fielders Choice at 2nd, 5-4 (Groundball, 56)
Bottom of the 7th over - 1 run(s), 2 hit(s), 0 error(s), 0 left on base; Waba 2 - Topeka 8
TOP OF THE 8TH
Waba Ducks batting - Pitching for Topeka Tornados : LHP Seiichi Yamamoto
Pitching: LHP Glenn Tutt
Batting: RHB Tokuhei Kobayashi 0-0: Ball
1-0: Ball
2-0: SINGLE (Groundball, 56D)
Pitching: LHP Jeremy Meyer
Batting: RHB Ramón Torres 0-0: Ball
1-0: Ball
2-0: Called Strike
2-1: Foul Ball, location: 2F
2-2: Strikes out swinging
Batting: LHB Javier Orozco 0-0: Swinging Strike
0-1: Fielders Choice at 2nd, 4-6 (Groundball, 4)
Batting: RHB Don Keating 0-0: Swinging Strike
0-1: Ball
1-1: Foul Ball, location: 2F
1-2: Ground out 6-3 (Groundball, 6)
Top of the 8th over - 0 run(s), 1 hit(s), 0 error(s), 1 left on base; Waba 2 - Topeka 8
BOTTOM OF THE 8TH
Topeka Tornados batting - Pitching for Waba Ducks : LHP Felipe Rivera
Batting: RHB Gabriel Santana 0-0: Ball
1-0: Ball
2-0: SINGLE (Line Drive, 8LS)
Batting: RHB Joe Edwards 0-0: Called Strike
0-1: Ball
1-1: Fly out, F8 (Flyball, 8RS)
Batting: RHB José Pinto 0-0: Ball
1-0: Ball
2-0: Swinging Strike
2-1: SINGLE (Line Drive, 7S)
Gabriel Santana to second
Batting: LHB Morgan Wright 0-0: Called Strike
0-1: Foul Ball, location: 2F
0-2: Fly out, F4 (Popup, 4M)
Batting: RHB Alberto Campos 0-0: Ball
1-0: Foul Ball, location: 2F
1-1: Ball
2-1: Swinging Strike
2-2: Strikes out swinging
Bottom of the 8th over - 0 run(s), 2 hit(s), 0 error(s), 2 left on base; Waba 2 - Topeka 8
TOP OF THE 9TH
Waba Ducks batting - Pitching for Topeka Tornados : LHP Jeremy Meyer
Batting: RHB Chris Osborn 0-0: Called Strike
0-1: Foul Ball, location: 2F
0-2: Strikes out swinging
Batting: LHB Terry White 0-0: Called Strike
0-1: Swinging Strike
0-2: Ball
1-2: Ground out 1-3 (Groundball, 23)
Batting: RHB Ed Small 0-0: Foul Ball, location: 2F
0-1: Fly out, F7 (Flyball, 7D)
Top of the 9th over - 0 run(s), 0 hit(s), 0 error(s), 0 left on base; Waba 2 - Topeka 8
Monday, December 5th, 2016 - OOTP Baseball 17.12 Build 75